 Dungeon Crawl Stone Soup version 0.29-a0-283-ga02f740833 (webtiles) character file.

Game seed: 11225429482658439062

72 Dabor the Covered (level 4, -3/26 HPs)
             Began as a Gargoyle Fighter on Mar 13, 2022.
             Was a Follower of Hepliaklqana.
             Slain by Sigmund
             ... wielding a +3 scythe of protection
              (5 damage)
             ... on level 2 of the Dungeon.
             The game lasted 00:04:40 (1830 turns).

Dabor the Covered (Gargoyle Fighter)                Turns: 1830, Time: 00:04:41

Health: -3/26      AC: 11    Str: 21    XL:     4   Next: 25%
Magic:  4/4        EV:  9    Int: 15    God:    Hepliaklqana [*.....]
Gold:   31         SH:  4    Dex:  9    Spells: 3/3 levels left

rFire   + . .      SeeInvis .   a - +0 flail
rCold   . . .      Faith    .   c - +0 buckler
rNeg    + . .      Spirit   .   k - +1 scale mail {rF+}
rPois   ∞          Reflect  .   (no helmet)
rElec   +          Harm     .   (no cloak)
rCorr   .          Rampage  .   (no gloves)
Will    .....                   (no boots)
Stlth   ..........              (no amulet)
HPRegen 0.08/turn               f - +6 ring of intelligence
MPRegen 0.09/turn               (no ring)

@: brilliant
A: reduced essence, sickness immunity, AC +3, negative energy resistance 1,
electricity resistance, torment resistance 1, petrification resistance
a: Renounce Religion, Recall Ancestor, Ancestor Identity


You were on level 2 of the Dungeon.
You worshipped Hepliaklqana.
Hepliaklqana was aware of your devotion.
You visited 1 branch of the dungeon, and saw 3 of its levels.

You collected 69 gold pieces.
You spent 38 gold pieces at shops.

Inventory:

Hand Weapons
 a - a +0 flail (weapon)
Armour
 b - a +0 scale mail
 c - a +0 buckler (worn)
 k - a +1 scale mail of fire resistance (worn)
Jewellery
 f - a +6 ring of intelligence (left hand)
 g - an amulet of regeneration
Scrolls
 e - a scroll of summoning {unknown}
 i - 2 scrolls of teleportation
 j - a scroll of immolation
 l - a scroll of fog
 n - a scroll of blinking
Potions
 d - a potion of brilliance
 h - a potion of invisibility {unknown}
 m - a potion of mutation {unknown}
 o - a potion of cancellation {unknown}


   Skills:
 + Level 3.9 Fighting
 + Level 2.8 Maces & Flails
 + Level 3.9 Armour
 + Level 3.9 Shields


You had 3 spell levels left.
You didn't know any spells.
Your spell library was empty.

Dungeon Overview and Level Annotations

Branches:
Dungeon (3/15)

Altars:
Hepliaklqana

Shops:
D:1 =*[[*   D:3 (

Annotations:
D:2 Sigmund


Innate Abilities, Weirdness & Mutations

Your life essence is reduced to manifest your ancestor. (-10% HP)
You are immune to sickness and miasma.
Your stone body is resilient. (AC +3)
You are immune to poison.
You resist negative energy. (rN+)
You are resistant to electric shocks. (rElec)
You are resistant to unholy torment.
You are immune to petrification.


Message History

Sigmund misses you.
Found a scroll labelled GOB COGOSTINA.
You see here a rat corpse.
You hit Sigmund.
Sigmund is moderately wounded.
Sigmund hits you with a +3 scythe of protection.
You hit Sigmund.
Sigmund is moderately wounded.
Sigmund hits you but does no damage.
You hit Sigmund.
Sigmund is heavily wounded.
Gaius seems less confused.
Sigmund hits you with a +3 scythe of protection.
You barely miss Sigmund.
Sigmund is heavily wounded.
Sigmund hits you but does no damage.
Gaius hits Sigmund but does no damage.
You barely miss Sigmund.
Sigmund is heavily wounded.
Gaius hits Sigmund.
Sigmund casts a spell at you. The magic dart hits you!
* * * LOW HITPOINT WARNING * * *
You barely miss Sigmund.
Sigmund is severely wounded.
Gaius closely misses Sigmund.
Sigmund gestures wildly while chanting.
Sigmund flickers and vanishes!
Deactivating autopickup; reactivate with Ctrl-A.
You barely miss something.
Gaius hits something.
Something hits Gaius!
Gaius hits something but does no damage.
You closely miss something. Something hits you but does no damage.
Gaius barely misses something.
You miss something.
Gaius hits something but does no damage.
Something hits you but does no damage.
You miss something.
Gaius barely misses something.
You hit something.
Gaius hits something but does no damage.
Something hits you.
You die...

....... .[.... ####R .....
..... ##...## ##### ?....# #
...# ### #. ##{####.##
#.####.@R##...#####
######....##.##..........
#####..........#.......######
.........####..####...##
#....................##
...........##..#######
..........###..#
.#.......####..#
.#.##.##.......#


You could see the friendly Gaius the ancestor.

Vanquished Creatures
  A gnoll (D:1)
  An adder (D:2)
  A dart slug (D:1)
  2 bats (D:1)
  3 endoplasms
  5 giant cockroaches (D:1)
  5 goblins
  8 hobgoblins
  3 quokkas
  4 frilled lizards (D:1)
  9 kobolds
  3 rats
45 creatures vanquished.

Notes
Turn   | Place    | Note
-------+----------+-------------------------------------------
     0 | D:1      | Dabor the Gargoyle Fighter began the quest for the Orb.
     0 | D:1      | Reached XP level 1. HP: 14/14 MP: 1/1
    61 | D:1      | Found Asusmin's Assorted Antiques.
   131 | D:1      | Reached XP level 2. HP: 14/19 MP: 2/2
   156 | D:1      | Found Ymifogh's Armour Boutique.
   169 | D:1      | Found Kuhutoist's General Store.
   297 | D:1      | Reached XP level 3. HP: 4/23 MP: 3/3
   660 | D:1      | Found Fitakh's Armour Shoppe.
   976 | D:1      | Found Eres's Jewellery Shoppe.
  1114 | D:1      | Found a faded altar of an unknown god.
  1153 | D:1      | Prayed at the altar of an unknown god.
  1153 | D:1      | Became a worshipper of Hepliaklqana the Forgotten
  1153 | D:1      | Reached * piety under Hepliaklqana
  1245 | D:1      | Bought a scroll labelled VIRACLEB HOOZ for 19 gold pieces
  1245 | D:1      | Bought a scroll labelled KOTHRI CEUDWEAHY for 19 gold
                  | pieces
  1359 | D:2      | Reached XP level 4. HP: 23/26 MP: 4/4
  1640 | D:2      | You fall into a shaft and drop 1 floor!
  1701 | D:3      | Found Halih's Weapon Shoppe.
  1802 | D:2      | Noticed Sigmund
  1830 | D:2      | Slain by Sigmund

Illustrated notes

Levels and vault maps discovered:
D:1:      heliophobic_arrival_henge, layout_loops_ring,
          shapermc_ecumenical_altar_mp_vishouse, serial_shops,
          nicolae_shop_hallway_plus, shop_fountains, shop,
          nicolae_shop_window_shopping, shop, palyth_stone_intersect,
          minmay_tromino_i4
D:2:      layout_loops_ring, nicolae_figureground_sparkle, uniq_sigmund
D:3:      layout_loops_ring, serial_shops, nicolae_shop_bloodbath_and_beyond

Action                   |  1- 3 |  4- 6 || total
-------------------------+-------+-------++-------
Melee: Flail             |   125 |    28 ||   153
  Use: Potion            |     1 |     1 ||     2
       Scroll            |     1 |     3 ||     4
Armor: Scale mail        |    77 |    12 ||    89
Dodge: Dodged            |    61 |     8 ||    69
Block: Buckler           |    26 |     6 ||    32

Table legend: (Time is in decaauts)
 A = Elapsed time spent in this place.
 B = Non-inter-level travel time spent in this place.
 C = Inter-level travel time spent in this place.
 D = Time resting spent in this place.
 E = Time spent auto-exploring this place.
 F = Levels seen in this place.
 G = Mean time per level.
                   A        B        C        D        E       F      G
               +--------+--------+--------+--------+--------+-----+--------+
         Total |   1877 |   1790 |     87 |      0 |   1346 |   3 |  625.7 |
       Dungeon |   1877 |   1790 |     87 |      0 |   1346 |   3 |  625.7 |
               +--------+--------+--------+--------+--------+-----+--------+

Top non-repeatable levels by time:
     D:1: 1305 daAuts
     D:2: 490 daAuts
     D:3: 81 daAuts
